Map: King Sejong Station LE

Players

Minks

  • Race: Protoss Protoss
  • League: Master

MVPMemeKing - Winner!

  • Race: Terran Terran
  • League: Grandmaster

VOD

Have the link to the VOD?

Description

Time

  • Played on: July 21, 2016, 3:42 p.m.
  • Length: 12:32
Show
View Real Time Build Order
Export as new Build Order

Minks Protoss 

Build Orders: 1 Gate Expand 

Get SALT Encoding   

  12  0:01  Probe (Chrono Boost)  
  13  0:11  Probe (Chrono Boost)  
  14  0:17  Pylon  
  14  0:22  Probe (Chrono Boost)  
  15  0:35  Probe (Chrono Boost)  
  16  0:38  Gateway  
  16  0:42  Assimilator  
  16  0:46  Probe (Chrono Boost)  
  17  0:56  Probe (Chrono Boost)  
  18  1:07  Probe (Chrono Boost)  
  19  1:17  Probe (Chrono Boost)  
  20  1:23  Nexus  
  20  1:31  Cybernetics Core  
  20  1:34  Probe (Chrono Boost)  
  20  1:39  Assimilator  
  21  1:45  Probe (Chrono Boost)  
  22  1:50  Pylon  
  22  1:56  Probe (Chrono Boost)  
  24  2:09  Adept, Mothership Core (Chrono Boost)  
  27  2:28  Probe (Chrono Boost)  
  28  2:35  Probe (Chrono Boost)  
  28  2:36  Stalker  
  31  2:38  Probe (Chrono Boost)  
  31  2:41  Robotics Facility  
  32  2:45  Warp Gate  
  32  2:46  Probe (Chrono Boost)  
  32  2:49  Probe (Chrono Boost)  
  34  2:56  Probe (Chrono Boost)  
  35  3:01  Probe (Chrono Boost)  
  36  3:07  Probe (Chrono Boost)  
  38  3:13  Probe (Chrono Boost)  
  38  3:14  Gateway  
  38  3:16  Gateway  
  38  3:19  Probe (Chrono Boost)  
  39  3:25  Probe (Chrono Boost)  
  39  3:26  Gateway, Observer  
  40  3:33  Gateway  
  41  3:42  Pylon  
  41  3:44  Warp Prism  
  41  3:48  Probe (Chrono Boost)  
  40  3:53  Probe (Chrono Boost)  
  43  4:00  Probe (Chrono Boost)  
  44  4:03  Pylon  
  44  4:04  Stalker  
  44  4:05  Stalker  
  44  4:08  Stalker  
  50  4:12  Probe (Chrono Boost)  
  50  4:16  Immortal  
  55  4:25  Pylon  
  55  4:27  Probe (Chrono Boost)  
  55  4:28  Probe (Chrono Boost)  
  57  4:36  Pylon  
  57  4:44  Probe (Chrono Boost), Twilight Council  
  59  4:47  Probe (Chrono Boost)  
  59  4:51  Immortal  
  63  5:05  Blink, Nexus  
  63  5:08  Assimilator  
  63  5:10  Probe (Chrono Boost)  
  63  5:11  Probe (Chrono Boost)  
  63  5:12  Assimilator  
  65  5:23  Probe (Chrono Boost)  
  65  5:24  Probe (Chrono Boost)  
  65  5:26  Stalker x2  
  71  5:30  Stalker  
  71  5:34  Probe (Chrono Boost)  
  71  5:35  Probe (Chrono Boost)  
  75  5:43  Stalker  
  75  5:47  Probe (Chrono Boost)  
  78  5:50  Pylon  
  78  5:52  Pylon  
  78  5:59  Pylon  
  78  6:02  Pylon  
  78  6:04  Pylon  
  78  6:09  Probe (Chrono Boost)  
  78  6:10  Probe (Chrono Boost), Stalker  
  78  6:11  Stalker x2  
  85  6:13  Stalker  
  85  6:17  Stalker  
  89  6:19  Probe (Chrono Boost)  
  76  6:35  Warp Prism  
  79  6:40  Probe (Chrono Boost)  
  79  6:41  Probe (Chrono Boost)  
  79  6:43  Forge  
  81  6:47  Probe (Chrono Boost)  
  81  6:50  Probe (Chrono Boost)  
  81  6:53  Resonating Glaives  
  80  7:00  Stalker x4  
  80  7:01  Stalker  
  86  7:03  Probe (Chrono Boost)  
  86  7:04  Probe (Chrono Boost)  
  86  7:09  Protoss Ground Armor Level 1  
  86  7:11  Immortal  
  91  7:16  Probe x2 (Chrono Boost)  
  91  7:17  Probe (Chrono Boost)  
  93  7:26  Probe x2 (Chrono Boost)  
  93  7:29  Probe (Chrono Boost)  
  98  7:37  Probe x2 (Chrono Boost), Stalker x2  
  98  7:38  Stalker  
  98  7:41  Probe (Chrono Boost)  
  105  7:47  Probe (Chrono Boost)  
  105  7:50  Observer  
  107  7:53  Probe (Chrono Boost)  
  107  7:54  Probe (Chrono Boost)  
  107  7:57  Sentry x2  
  114  7:59  Probe (Chrono Boost)  
  114  8:05  Robotics Facility  
  114  8:10  Robotics Bay  
  114  8:11  Immortal  
  114  8:12  Assimilator  
  118  8:15  Pylon  
  118  8:16  Assimilator  
  118  8:17  Pylon  
  118  8:20  Pylon  
  118  8:27  Pylon  
  118  8:31  Gateway  
  118  8:33  Pylon, Gateway  
  118  8:36  Gateway  
  118  8:37  Adept x5  
  118  8:41  Pylon  
  128  8:57  Colossus x2  
  140  9:02  Adept x2  
  140  9:03  Adept x3  
  140  9:04  Protoss Ground Weapons Level 1  
  150  9:15  Pylon  
  150  9:19  Pylon  
  150  9:22  Pylon  
  150  9:25  Extended Thermal Lance  
  150  9:26  Adept x2  
  150  9:27  Adept x3  
  135  10:02  Stalker x4  
  135  10:04  Adept x3  
  145  10:14  Probe (Chrono Boost)  
  145  10:15  Probe x2 (Chrono Boost)  
  145  10:25  Probe (Chrono Boost), Colossus  
  145  10:26  Colossus  
  145  10:27  Probe (Chrono Boost)  
  162  10:43  Probe (Chrono Boost)  
  162  10:44  Probe x2 (Chrono Boost)  
  162  10:47  Adept x3  
  162  10:48  Adept  
  170  10:59  Adept x2  
  174  11:14  Warp Prism  
  174  11:22  Adept x3  
  174  11:23  Adept x3  
  184  11:31  Pylon  
  161  11:54  Probe x2 (Chrono Boost)  
  164  11:55  Probe (Chrono Boost)  
  169  12:04  Probe (Chrono Boost)  
  169  12:07  Probe (Chrono Boost)  
  171  12:11  Pylon  
  171  12:12  Pylon  
Show
View Real Time Build Order
Export as new Build Order

MVPMemeKing Terran - Winner!

Build Orders: Cyclone Opening, MMM Bio 

Get SALT Encoding   

  12  0:02  SCV  
  13  0:14  SCV  
  13  0:18  Supply Depot  
  14  0:26  SCV  
  15  0:40  SCV  
  15  0:41  Barracks  
  16  0:44  Refinery  
  16  0:52  SCV  
  17  1:04  SCV  
  18  1:19  SCV  
  19  1:31  Orbital Command  
  19  1:40  Command Center  
  19  1:44  Marine  
  20  1:56  Factory  
  20  1:59  SCV  
  21  2:11  SCV, Supply Depot  
  21  2:14  Barracks Tech Lab  
  22  2:22  Refinery  
  22  2:23  SCV  
  23  2:35  SCV  
  23  2:43  Barracks Tech Lab  
  23  2:47  SCV  
  24  2:54  Cyclone  
  24  2:56  Orbital Command  
  28  2:59  SCV  
  28  3:03  Marine  
  28  3:04  Stimpack  
  30  3:11  SCV  
  31  3:17  Supply Depot  
  31  3:21  Marine  
  31  3:23  SCV  
  31  3:24  SCV  
  34  3:35  Barracks, SCV  
  34  3:36  SCV  
  36  3:46  Barracks  
  36  3:48  SCV x2  
  37  3:49  Factory Reactor  
  38  3:55  Supply Depot  
  38  3:59  Marine  
  38  4:00  SCV x2  
  41  4:08  Engineering Bay  
  41  4:12  SCV x2  
  41  4:16  Supply Depot  
  43  4:20  Bunker  
  43  4:23  Marine, Marauder  
  47  4:24  SCV  
  47  4:25  SCV  
  48  4:35  Supply Depot  
  48  4:36  SCV  
  48  4:37  SCV, Starport  
  50  4:41  Marine  
  50  4:42  Marine x2  
  50  4:44  Combat Shields  
  53  4:48  SCV  
  53  4:49  SCV  
  55  4:55  Supply Depot  
  55  4:56  Marauder  
  55  4:57  Factory Reactor  
  57  5:00  SCV, Terran Infantry Weapons Level 1  
  57  5:01  Marine  
  57  5:03  Marine x2  
  57  5:05  SCV  
  62  5:09  Supply Depot  
  62  5:16  SCV  
  62  5:20  Supply Depot  
  63  5:22  Marine x2, Marauder  
  63  5:23  Marauder  
  63  5:27  SCV  
  70  5:28  SCV  
  70  5:29  Concussive Shells  
  71  5:39  SCV, Medivac x2, Refinery  
  71  5:40  SCV  
  71  5:41  Marine  
  71  5:42  Marine  
  79  5:52  Command Center, Marauder  
  79  5:56  Marine  
  82  5:58  SCV x2  
  82  6:01  Marine x2  
  82  6:02  Liberator, Widow Mine  
  88  6:10  SCV  
  89  6:17  Marauder x2  
  93  6:20  Medivac  
  93  6:21  Marine x2  
  83  6:39  Widow Mine, Marauder  
  75  6:42  Marine x2  
  75  6:43  Marauder  
  75  6:45  SCV x2  
  81  6:47  Refinery  
  81  7:00  Marine x2, Marauder  
  85  7:04  Bunker, Marauder  
  85  7:07  Orbital Command  
  87  7:20  Terran Infantry Armor Level 1  
  87  7:21  Barracks x2  
  87  7:23  Marine x2, Marauder  
  87  7:24  Medivac x2  
  87  7:26  Marauder  
  87  7:27  SCV x2  
  99  7:31  Supply Depot  
  99  7:32  Supply Depot, Factory Reactor  
  99  7:35  SCV  
  100  7:39  SCV  
  101  7:44  Liberator  
  101  7:46  Marine x2  
  101  7:47  Marauder  
  105  7:53  Marauder  
  105  7:57  Orbital Command  
  107  8:00  Medivac  
  107  8:04  SCV x2, Marine x2  
  116  8:09  Marauder  
  116  8:11  Supply Depot  
  118  8:14  Barracks Tech Lab  
  118  8:16  SCV, Refinery  
  121  8:20  Marauder  
  121  8:22  Factory Reactor  
  121  8:23  SCV x2  
  123  8:29  Supply Depot x2, SCV  
  124  8:34  Engineering Bay  
  124  8:35  Armory, SCV  
  124  8:38  Marine x4, Marauder x2  
  124  8:41  Marine  
  134  8:42  Medivac  
  134  8:46  SCV  
  134  8:47  SCV  
  138  8:54  SCV  
  139  8:56  Supply Depot, Marine x2  
  139  8:57  Medivac  
  139  8:58  Supply Depot, SCV  
  139  8:59  Marauder x2  
  139  9:01  SCV  
  149  9:05  Supply Depot  
  149  9:06  SCV  
  149  9:08  Marine x2, Marauder  
  149  9:09  Widow Mine  
  156  9:17  Widow Mine, Medivac  
  156  9:18  Marine  
  156  9:19  Marine  
  156  9:20  Marauder  
  156  9:21  Marauder  
  166  9:28  Marine x2  
  166  9:30  Marauder  
  170  9:36  Marine x2  
  168  9:42  Liberator, Marauder x2  
  170  9:46  Marine x2  
  170  9:47  Widow Mine x2  
  170  9:51  Marauder  
  178  9:53  Terran Infantry Weapons Level 2, Terran Infantry Armor Level 2  
  178  9:54  Marine x2  
  172  10:03  Marine, Marauder  
  172  10:04  Marine, Starport, Refinery  
  176  10:09  Barracks, Marine  
  176  10:10  Barracks  
  176  10:12  Marine, Marauder  
  177  10:21  Marauder  
  177  10:25  Marauder  
  181  10:31  Marine x2, Widow Mine x2, Viking  
  181  10:34  Marauder  
  191  10:35  Marine x2  
  193  10:43  Marauder  
  193  10:46  Marauder  
  193  10:48  Starport Reactor  
  197  10:54  Command Center  
  197  11:05  Barracks Tech Lab x2  
  197  11:13  Marine x2  
  197  11:32  Marine x2  
  197  11:33  Marauder  
  197  11:34  Marine x3, Marauder  
  197  11:36  Marauder  
  197  11:37  Marauder  
  170  11:49  Viking x4  
  170  11:50  Widow Mine x2  
  170  11:52  Marine  
Tags
 
Add a new tag
Caveats
  • Supply blocks, unpowered buildings, or Contaminate may cause inaccurate times.
  • Supply counts are checked every 10 seconds.